 Dungeon Crawl Stone Soup version 0.31-a0-198-g2ad674f65e (webtiles) character file.

Game seed: 1302606451497889248

47 qw the Shooter (level 3, -2/20 HPs)
             Began as a Deep Elf Hunter on June 25, 2023.
             Slain by Sigmund
             ... wielding a +1 scythe of protection
              (13 damage)
             ... on level 2 of the Dungeon.
             The game lasted 00:00:28 (1084 turns).

qw the Shooter (Deep Elf Hunter)                    Turns: 1084, Time: 00:00:29

Health: -2/20      AC:  3    Str: 10    XL:     3   Next: 48%
Magic:  5/5        EV: 12    Int: 13    God:
Gold:   57         SH:  0    Dex: 18    Spells: 2/2 levels left

rFire   . . .        Y - +0 shortbow (chaos)
rCold   . . .        (shield currently unavailable)
rNeg    . . .        c - +0 leather armour
rPois   .            (no helmet)
rElec   .            j - scarf {repulsion}
rCorr   .            (no gloves)
SInv    .            (no boots)
Will    .....        (no amulet)
Stlth   ++           (no ring)
HPRegen 0.23/turn    (no ring)
MPRegen 0.09/turn

%: repel missiles
@: no status effects
A: no striking features
a: no special abilities


You were on level 2 of the Dungeon.
You visited 1 branch of the dungeon, and saw 2 of its levels.

You collected 57 gold pieces.


   Skills:
 - Level 1.5 Fighting
 + Level 7.0 Ranged Weapons
 - Level 2.4 Dodging
 - Level 1.2 Stealth


You had 2 spell levels left.
You didn't know any spells.
Your spell library was empty.

Inventory:

Hand Weapons
 Y - a +0 shortbow of chaos (weapon)
Armour
 a - a +0 cloak
 c - a +0 leather armour (worn)
 j - a scarf of repulsion (worn)
Potions
 b - a potion of mutation {unknown}
 g - a potion of curing {unknown}

Dungeon Overview and Level Annotations

Branches:
Dungeon (2/15)

Altars:

Annotations:
D:2 Sigmund


Message History

1078 ||| FLEEEEING.
Enter note:
Enter note:
Enter note:
Enter note:
Enter note:
Enter note:
Enter note:
Enter note:
Enter note:
Enter note:
Enter note:
Enter note:
1079 ||| FLEEEEING.
Sigmund says, "I'm your fate."
Enter note:
Enter note:
Enter note:
Enter note:
Enter note:
Enter note: You shoot an arrow.
The arrow hits Sigmund but does no damage.
Sigmund is lightly wounded.
Sigmund giggles. "Time to reap what you sow."
Sigmund closely misses you.
You shoot an arrow. The arrow closely misses Sigmund.
Sigmund hits you from afar with a +1 scythe of protection.
You shoot an arrow. The arrow hits Sigmund.
Space warps horribly around Sigmund!
Sigmund is severely wounded.
Sigmund closely misses you.
You shoot an arrow.
The arrow hits Sigmund but does no damage.
Sigmund is severely wounded.
Sigmund closely misses you. Sigmund misses you.
You shoot an arrow. The arrow hits Sigmund.
Sigmund is severely wounded.
Sigmund hits you from afar with a +1 scythe of protection!
Ouch! That really hurt!
You die...

.........)..# #...# ####.
...######.#### ...# ######. ...#
#.......#####. ##...... ...#
#.##.#........ ......... ...#
#.##.............. .......#. ...#
#.##.#........... ....#..#.
...###.##.##.###.#...# ##..#.~#.
.............# #.#...# #..#~~..
.####.###.#### #@#...# #..~~.~.
.####.# #.# #.#...# #.~..~.
....#># #.# #@#...#.# #~~..~~
.##.#.###.######%...>..# #~#....
......#....%.........######~#.~..
###.......###.######## ##.....~~.
#####............## #..##.##~~
#..#.#..#......####~..#.#.~
#.<.....#.##.#....~~~..#.#.


You could see Sigmund (fast).

Vanquished Creatures
  An adder (D:2)
  3 ball pythons (D:1)
  2 endoplasms (D:1)
  10 giant cockroaches
  4 goblins
  A hobgoblin (D:1)
  3 quokkas
  2 bats
  4 frilled lizards (D:1)
  2 kobolds
  3 rats
35 creatures vanquished.

Notes
Turn   | Place    | Note
-------+----------+-------------------------------------------
     0 | D:1      | qw the Deep Elf Hunter began the quest for the Orb.
     0 | D:1      | Reached XP level 1. HP: 12/12 MP: 3/3
     0 | D:1      | 0 ||| qw: Version: 0.3-a-22-g0ed2b0b
     0 | D:1      | 0 ||| qw: Game counter: 5400
     0 | D:1      | 0 ||| qw: Melee chars always use a shield: true
     0 | D:1      | 0 ||| qw: God list: Okawaru
     0 | D:1      | 0 ||| qw: Allow faded altars: false
     0 | D:1      | 0 ||| qw: Do Orc after clearing Dungeon:15 true
     0 | D:1      | 0 ||| qw: Do second Lair branch before Depths: true
     0 | D:1      | 0 ||| qw: Lair rune preference: random
     0 | D:1      | 0 ||| qw: Goals: Normal
     0 | D:1      | 0 ||| PLANNING D:1-11
   132 | D:1      | Reached XP level 2. HP: 16/16 MP: 4/4
   133 | D:1      | Reached skill level 6 in Ranged Weapons
   610 | D:1      | 610 ||| UPGRADING to scarf of repulsion.
   615 | D:1      | 615 ||| READING scroll labelled SIGIRA LESATS.
   618 | D:1      | 618 ||| READING scroll labelled IDYAHO VIURCHE.
   619 | D:1      | 619 ||| READING scroll labelled KOIFAW ZIUHOTY.
   620 | D:1      | 620 ||| READING scroll labelled MUEKAMNUTTO.
   621 | D:1      | 621 ||| READING scroll labelled IPNITEPPEK.
   622 | D:1      | 622 ||| DROPPING scroll of butterflies.
   695 | D:2      | Reached XP level 3. HP: 20/20 MP: 5/5
   892 | D:2      | HP: 4/20 [quokka (5)]
   978 | D:2      | Reached skill level 7 in Ranged Weapons
  1069 | D:2      | Noticed Sigmund
  1078 | D:2      | 1078 ||| FLEEEEING.
  1079 | D:2      | 1079 ||| FLEEEEING.
  1084 | D:2      | Slain by Sigmund

Levels and vault maps discovered:
D:1:      dreamdust_arrival_sigmund_warning, layout_loops_ring,
          minmay_worlds_worst_comb
D:2:      layout_loops_cross, serial_rivers, chequers_serial_rivers_room_a,
          chequers_serial_rivers_room_b, chequers_serial_rivers_small_b,
          chequers_serial_rivers_micro_d, chequers_serial_rivers_room_a,
          eino_curves_03, minmay_pentomino_r4, uniq_sigmund

Skill      XL: |  1  2  3 |
---------------+----------+-----
Ranged Weapons | 6 7 |  7.0
Fighting       | |  1.5
Dodging        | |  2.4
Stealth        | |  1.2

Action                     || total
---------------------------++-------
   Fire: Shortbow          ||   113
    Use: Scroll            ||     5
 Armour: Leather armour    ||     6
  Dodge: Dodged            ||    34

Table legend:
 A = Non-vault XP
 B = Vault XP
 C = Vault XP percentage of total XP
 D = Non-vault monster count
 E = Vault monster count
 F = Vault count percentage of total count
                 A         B        C        D         E       F
            +---------+---------+-------+---------+---------+-------
      Total |      51 |      17 |  25.0 |      26 |       9 |  25.7
            +---------+---------+-------+---------+---------+-------
        D:1 |      25 |      12 |  32.4 |      17 |       6 |  26.1
        D:2 |      26 |       5 |  16.1 |       9 |       3 |  25.0
            +---------+---------+-------+---------+---------+-------
